AoeStats
← Morrión

Fortress

508453531Analyzed
2v2 RM · 11d ago on Sep 22, 2026· 25m 12s· 4 players
Game mode
Random Map
Map size
Normal (6 player)
Population
200
Speed
Normal
Resources
Standard
Victory
Conquest
Starting age
Dark Age
Ending age
Imperial Age
RankedLock teamsTeams togetherTeam positionsShared explorationLock speedFull tech treeHidden civsTurbo modeCheats
Victory
Defeat
🇪🇸 Poles · Spain
1362
+12
🇪🇸 Italians · Spain
1361
+13
🇨🇦 Celts · Canada
1313
-14
1256
-11
Jaha
6:42 Feudal Age
10:35 Castle Age
8:49 Horse Collar
9:39 Double-Bit Axe
18:16 Loom
18:30 Town Watch
20:11 Wheelbarrow
20:21 Scale Mail Armor
20:24 Pikeman
21:57 Forging
21:48 Gold Mining
23:45 Chain Mail Armor
All Conquistadors Are BSTRD
9:22 Feudal Age
10:10 Horse Collar
10:16 Double-Bit Axe
10:26 Stone Mining
10:27 Gold Mining
10:52 Town Watch
13:37 Castle Age
15:29 Wheelbarrow
14:39 Loom
17:25 Bow Saw
22:39 Hand Cart
22:32 Heavy Plow
Morrión
7:46 Feudal Age
9:23 Horse Collar
12:13 Castle Age
10:08 Double-Bit Axe
11:16 Scale Barding Armor
13:31 Szlachta Privileges
13:47 Forging
17:41 Chain Barding Armor
20:43 Husbandry
20:57 Bloodlines
21:38 Loom
23:10 Wheelbarrow
23:41 Iron Casting
23:32 Town Watch
juanca12
7:30 Feudal Age
10:59 Castle Age
9:17 Double-Bit Axe
9:36 Horse Collar
10:33 Fletching
12:02 Padded Archer Armor
14:37 Bodkin Arrow
16:34 Wheelbarrow
16:41 Bow Saw
19:18 Heavy Plow
20:52 Leather Archer Armor
21:14 Ballistics
22:05 Hand Cart
23:56 Thumb Ring
Connection lost

Rejoining the realm…

Still unreachable

The connection could not be restored.

Session expired

The server has moved on; the page needs a fresh start.